 Dungeon Crawl Stone Soup version 0.30.1-9-gdf580d7c3d (webtiles) character file.

Game seed: 10652319089412888553

24 KittyFluff the Chopper (level 2, 0/40 HPs)
             Began as a Minotaur Berserker on Oct 14, 2023.
             Was a Believer of Trog.
             Slain by a kobold
             ... wielding a +0 whip
              (4 damage)
             ... on level 1 of the Dungeon.
             The game lasted 00:02:50 (724 turns).

KittyFluff the Chopper (Minotaur Berserker)          Turns: 724, Time: 00:02:51

Health: 0/40       AC:  2    Str: 21    XL:     2   Next: 79%
Magic:  1/1        EV: 12    Int:  4    God:    Trog [**....]
Gold:   22         SH:  0    Dex:  9    Spells: 1/1 levels left

rFire   . . .        a - +0 hand axe
rCold   . . .        (no shield)
rNeg    . . .        b - +0 animal skin
rPois   .            (helmet restricted)
rElec   .            (no cloak)
rCorr   .            (no gloves)
SInv    .            (no boots)
Will    .....        (no amulet) Stlth
                     (no ring)
HPRegen 0.26/turn    (no ring)
MPRegen 0.07/turn

%: no passive effects
@: berserking, very quick
A: horns 2, retaliatory headbutt
a: Renounce Religion, Berserk, Trog's Hand


You were on level 1 of the Dungeon.
You worshipped Trog.
Trog was pleased with you.
You visited 1 branch of the dungeon, and saw 1 of its levels.

You collected 22 gold pieces.

Inventory:

Hand Weapons
 a - a +0 hand axe (weapon)
Armour
 b - a +0 animal skin (worn)
Scrolls
 c - a scroll of identify {unknown}
 d - a scroll of poison {unknown}
Potions
 e - a potion of mutation {unknown}


   Skills:
 + Level 3.9 Fighting
 * Level 4.1 Axes
 * Level 3.1 Armour
 + Level 2.5 Dodging


You had one spell level left.
You didn't know any spells.
Your spell library was empty.

Dungeon Overview and Level Annotations

Branches:
Dungeon (1/15)

Altars:


Innate Abilities, Weirdness & Mutations

You have a pair of horns on your head.
You reflexively headbutt those who attack you in melee.


Message History

Things that are here:
a +0 short sword; 2 stones A bat comes into view.
The bat barely misses you.
You hit the bat.
You kill the bat!
Trog accepts your kill.
You see here a bat corpse.
Found 8 gold pieces.
You now have 22 gold pieces (gained 8).
Found a chain mail.
You see here a +0 chain mail.
You see here a +0 chain mail.
A rat comes into view.
You hit the rat but do no damage. The rat misses you.
You slash the rat!
You kill the rat!
Trog accepts your kill.
You see here a rat corpse.
A gnoll and a kobold come into view.
The gnoll shouts!
The kobold shouts!
You hear a shout!
A hobgoblin comes into view.
The gnoll hits you from afar with a +0 spear!
The kobold throws a stone.
The stone barely misses you.
The stone misses the gnoll.
The gnoll closely misses you. The kobold attacks as you move away!
The kobold closely misses you.
The kobold throws a stone.
The stone barely misses you. The gnoll hits you with a +0 spear.
The kobold closely misses you. The gnoll misses you. The kobold misses you.
You barely miss the hobgoblin. You hit the gnoll. You barely miss the kobold.
The kobold misses you. The gnoll hits you with a +0 spear.
The hobgoblin hits you.
* * * LOW HITPOINT WARNING * * *
A red film seems to cover your vision as you go berserk!
You feel yourself moving faster!
You feel mighty! The gnoll closely misses you. The hobgoblin hits you.
* * * LOW HITPOINT WARNING * * *
The kobold hits you with a +0 whip.
You die...

#..........
#.8..###### #
#....#lwSyh #.
#.8..###### #.####
#.......... #....#
###.8.....[
####....# ####.8.8.
.......g########
###.##
......g@.....†.#
#...
.......K######.#
###. #####...# #.#
## #...# #.# #...#
#.#########
#...######..........
#...#...............
#####.##############
#.# #.....[.


You could see a gnoll, a hobgoblin and a kobold.

Vanquished Creatures
  An endoplasm (D:1)
  4 goblins (D:1)
  A hobgoblin (D:1)
  2 kobolds (D:1)
  5 quokkas (D:1)
  4 ball pythons (D:1)
  2 bats (D:1)
  A frilled lizard (D:1)
  A rat (D:1)
21 creatures vanquished.

Notes
Turn   | Place    | Note
-------+----------+-------------------------------------------
     0 | D:1      | KittyFluff the Minotaur Berserker began the quest for the
                  | Orb.
     0 | D:1      | Reached XP level 1. HP: 19/19 MP: 0/0
     6 | D:1      | Noticed a water moccasin
     6 | D:1      | Noticed a killer bee
     6 | D:1      | Noticed a polar bear
   102 | D:1      | Reached XP level 2. HP: 26/27 MP: 1/1
   376 | D:1      | Reached skill level 4 in Axes
   479 | D:1      | Reached ** piety under Trog
   724 | D:1      | Slain by a kobold

Illustrated notes

Levels and vault maps discovered:
D:1:      onia_arrival_zoo_common, layout_basic

Skill      XL: |  1  2 |
---------------+-------+-----
Armour         | 3 |  3.1
Axes           | 4 |  4.1
Fighting       | |  3.9
Dodging        | |  2.5

Action                     || total
---------------------------++-------
  Melee: Hand axe          ||    28
         Headbutt          ||     6
 Invoke: Berserk           ||     1
 Armour: Animal skin       ||     5
  Dodge: Dodged            ||    33
